 Dungeon Crawl Stone Soup version 0.27-a0-1116-g91b3acb402 (webtiles) character file.

Game seed: 13064122042447827515

1166 spiderkeys the Shield-Bearer (level 8, -13/67 HPs)
             Began as a Gnoll Fighter on May 2, 2021.
             Was an Initiate of Okawaru.
             Killed by divine providence
             ... invoked by an orc priest
              (14 damage)
             ... on level 6 of the Dungeon.
             The game lasted 00:13:57 (8683 turns).

spiderkeys the Shield-Bearer (Gnoll Fighter)        Turns: 8683, Time: 00:13:58

Health: -13/67     AC: 10    Str: 21    XL:     8   Next: 40%
Magic:  11/11      EV:  7    Int:  7    God:    Okawaru [......]
Gold:   216        SH: 11    Dex: 15    Spells: 13/13 levels left

rFire    . . .     SeeInvis .   a - +2 rapier
rCold    . . .     Faith    .   c - +0 kite shield
rNeg     . . .     Spirit   .   k - +0 chain mail
rPois    .         Reflect  .   (no helmet)
rElec    .         Harm     .   (no cloak)
rCorr    .         Rampage  .   (no gloves)
Will     .....                  (no boots)
Stlth    ..........             r - amulet of magic regeneration
HPRegen  0.21/turn              Z - ring of wizardry
MPRegen  0.37/turn              S - +6 ring of strength

@: studying Summonings
A: fangs 1, strong nose, distributed training, low mp 1, sense surroundings 1
a: Renounce Religion


You were on level 6 of the Dungeon.
You worshipped Okawaru.
Okawaru was noncommittal.
You visited 2 branches of the dungeon, and saw 7 of its levels.

You collected 216 gold pieces.


Innate Abilities, Weirdness & Mutations

You have very sharp teeth.
Your uncanny sense of smell can sniff out nearby items.
Your experience applies equally to all skills.
Your magical capacity is low. (-10% MP)
You passively map a small area around you.


   Skills:
 + Level 7.3 Fighting
 + Level 5.6 Short Blades
 + Level 3.2 Long Blades
 + Level 3.2 Axes
 + Level 3.2 Maces & Flails
 + Level 3.2 Polearms
 + Level 3.2 Staves
 + Level 3.2 Slings
 + Level 3.2 Bows
 + Level 3.2 Crossbows
 + Level 3.2 Throwing
 + Level 7.3 Armour
 + Level 3.2 Dodging
 + Level 3.2 Stealth
 + Level 7.3 Shields
 + Level 3.2 Unarmed Combat
 + Level 3.2 Spellcasting
 + Level 2.6 Conjurations
 + Level 2.6 Hexes
 + Level 2.7 Summonings
 + Level 2.6 Necromancy
 + Level 2.6 Translocations
 + Level 2.6 Transmutations
 + Level 2.6 Fire Magic
 + Level 2.6 Ice Magic
 + Level 2.6 Air Magic
 + Level 2.6 Earth Magic
 + Level 2.6 Poison Magic
 + Level 3.5 Invocations
 + Level 3.2 Evocations


You had 13 spell levels left.
You didn't know any spells.
Your spell library contained the following spells:

 Spells                   Type           Power      Damage    Failure   Level
 Magic Dart               Conj           16%        1d3       65%         1
 Searing Ray              Conj           8%         3d3       77%         2
 Dazzling Flash           Conj/Hex       8%         N/A       93%         3
 Fulminant Prism          Conj/Hex       2%         3d6       100%        4
 Iskenderun's Mystic Bla  Conj/Tloc      4%         2d3       100%        4

Inventory:

Hand Weapons
 a - a +2 rapier (weapon)
 d - a +3 halberd
   (You took it off a wight on level 4 of the Dungeon)
 m - a +0 dagger of venom
   (You took it off a kobold on level 1 of the Dungeon)
 s - a +3 vampiric dagger
   (You took it off an orc on level 6 of the Dungeon)
 x - a +1 spear of flaming
   (You found it on level 4 of the Dungeon)
Missiles
 b - a throwing net {=f!f}
 f - a curare-tipped dart {=f}
 g - 100 stones (quivered)
 i - 129 sling bullets
 j - 28 poisoned darts
 l - 18 bolts
 o - 22 boomerangs
 u - 125 arrows
Armour
 c - a +0 kite shield (worn)
 k - a +0 chain mail (worn)
   (You found it on level 1 of the Dungeon)
Jewellery
 r - an amulet of magic regeneration (around neck)
   (You found it on level 6 of the Dungeon)
 F - a ring of protection from fire
   (You found it on level 3 of the Dungeon)
 R - a ring of resist corrosion
   (You found it on level 4 of the Dungeon)
 S - a +6 ring of strength (right hand)
   (You found it on level 4 of the Dungeon)
 Z - a ring of wizardry (left hand)
   (You found it on level 1 of the Dungeon)
Wands
 w - a wand of acid (9)
   (You found it on level 4 of the Dungeon)
 y - a wand of digging (1)
   (You found it on level 4 of the Dungeon)
 B - a wand of flame (8)
   (You found it on level 6 of the Dungeon)
Scrolls
 h - a scroll of vulnerability {!r!r}
 p - 2 scrolls of amnesia
 v - 2 scrolls of identify {@r1}
Potions
 e - 2 potions of haste {@q3}
 q - a potion of flight
 t - 2 potions of mutation {!q}

Dungeon Overview and Level Annotations

Branches:
Dungeon (6/15)             Temple (1/1) D:6

Altars:
Ashenzari
Cheibriados
Dithmenos
Elyvilon
Fedhas
Gozag
Hepliaklqana
Makhleb
Nemelex Xobeh
Okawaru
Qazlal
Ru
Sif Muna
Trog
Vehumet
Wu Jian
Yredelemnul
Zin
The Shining One

Shops:
D:3

[ #### ## * *
#######..##.###
, #.....@...o#..
#.o#...##o..#.#*
#...#..##..#..#
#.$..#....#...#
,*
#.....#..#...)#
,
#.#*..##..##.##
#.##..##..##..#
#.#
#....#..#.....#
#.#
##...#....#....#


You could see 3 orc priests.


Message History

You take 2 damage, and now have 50/67 hp.
You are too injured to fight recklessly!
You are too injured to fight recklessly!
The orc closely misses you.
The orc priest looks satisfied for a moment.
You puncture the orc!
You kill the orc!
Okawaru accepts your kill.
You hit the necrophage.
You block the necrophage's attack. 😕 HP[+1]
You block the orc priest's attack. The necrophage barely misses you.
You barely miss the orc priest.
The orc priest looks encouraged for a moment.
The orc priest calls down the wrath of Beogh upon you.
Pain shoots through your body! The necrophage barely misses you.
You block the orc priest's attack. 😮 HP[-8]
You take 8 damage, and now have 43/67 hp.
You hit the orc priest. The necrophage barely misses you.
The orc priest invokes the aid of Beogh against you.
Pain shoots through your body! 😮 HP[-4]
You take 4 damage, and now have 39/67 hp.
You hit the orc priest but do no damage.
Your bite misses the orc priest.
The necrophage hits you but does no damage.
The orc priest invokes the aid of Beogh against you.
Beogh smites you!
* * * LOW HITPOINT WARNING * * *
The orc priest mumbles some strange prayers to Beogh against you.
Beogh smites you!
* * * LOW HITPOINT WARNING * * *
😱 HP[-27]
You take 27 damage, and now have 12/67 hp.
MASSIVE DAMAGE!! (PAUSE)
The necrophage hits you but does no damage.
The orc priest calls upon Beogh to heal the orc priest.
The orc priest's wounds heal themselves!
As you read the scroll of teleportation {@r4}, it crumbles to dust.
You feel strangely unstable. You block the necrophage's attack.
The orc priest calls down the wrath of Beogh upon you.
Beogh smites you!
* * * LOW HITPOINT WARNING * * *
😱 HP[-9]
You take 9 damage, and now have 3/67 hp.
The orc priest looks braver for a moment.
The orc priest looks encouraged for a moment. 😱 HP[+1]
Your surroundings suddenly seem different.
An orc wizard comes into view. It is wielding a +0 dagger.
The orc wizard shouts!
You feel better. 😱 HP[+6]
You regained 6 hp, and now have 10/67 hp.
The orc wizard points at you and mumbles some strange words.
You resist with some effort.
You closely miss the orc wizard.
You block the orc wizard's attack. 😱 HP[+1]
You puncture the orc wizard! You block the orc wizard's attack.
Your chain mail prevents you from hitting the orc wizard.
The orc wizard hits you but does no damage.
You hit the orc wizard. You block the orc wizard's attack.
You hit the orc wizard but do no damage.
Your bite misses the orc wizard.
You block the orc wizard's attack. 😱 HP[+1]
You hit the orc wizard.
The orc wizard hits you but does no damage.
You hit the orc wizard but do no damage.
The orc wizard hits you but does no damage.
You closely miss the orc wizard. The orc wizard casts a spell at you.
You resist with some effort.
You closely miss the orc wizard.
The orc wizard hits you but does no damage.
You puncture the orc wizard!
You kill the orc wizard!
Okawaru accepts your kill. The orc priest hits you with a +0 club.
* * * LOW HITPOINT WARNING * * *
Okay, then.
As you read the scroll of fear, it crumbles to dust.
You assume a fearsome visage.
The orc priest looks frightened! x2
The orc priest shouts!
The orc priest shouts!
The orc priest mumbles some strange prayers to Beogh against you.
You struggle to resist. 😱 HP[+1]
The orc priest barely misses you.
You hit the orc priest but do no damage.
You block the orc priest's attack. 😱 HP[+1]
You barely miss the orc priest.
The orc priest miscasts a cantrip.
The orc priest invokes the aid of Beogh against you.
Beogh smites you!
* * * LOW HITPOINT WARNING * * *
The orc priest calls down the wrath of Beogh upon you.
Beogh smites you!
You die...

Skill      XL: |  1  2  3  4  5  6  7 |
---------------+----------------------+-----
Invocations    | 1 2 3 |  3.5
Long Blades    | 1 2 3 |  3.2
Axes           | 1 2 3 |  3.2
Maces & Flails | 1 2 3 |  3.2
Polearms       | 1 2 3 |  3.2
Staves         | 1 2 3 |  3.2
Slings         | 1 2 3 |  3.2
Bows           | 1 2 3 |  3.2
Crossbows      | 1 2 3 |  3.2
Throwing       | 1 2 3 |  3.2
Dodging        | 1 2 3 |  3.2
Stealth        | 1 2 3 |  3.2
Unarmed Combat | 1 2 3 |  3.2
Spellcasting   | 1 2 3 |  3.2
Evocations     | 1 2 3 |  3.2
Conjurations   | 1 2 |  2.6
Hexes          | 1 2 |  2.6
Summonings     | 1 2 |  2.7
Necromancy     | 1 2 |  2.6
Translocations | 1 2 |  2.6
Transmutations | 1 2 |  2.6
Fire Magic     | 1 2 |  2.6
Ice Magic      | 1 2 |  2.6
Air Magic      | 1 2 |  2.6
Earth Magic    | 1 2 |  2.6
Poison Magic   | 1 2 |  2.6
Short Blades   | 5 |  5.6
Fighting       | 7 |  7.3
Armour         | 7 |  7.3
Shields        | 7 |  7.3

Action                   |  1- 3 |  4- 6 |  7- 9 || total
-------------------------+-------+-------+-------++-------
Melee: Rapier            |    51 |   130 |    55 ||   236
       Bite              |    11 |    17 |    28 ||    56
       Dagger            |    81 |       |    22 ||   103
       Spear             |       |    43 |   171 ||   214
Throw: Boomerang         |       |    25 |       ||    25
       Stone             |       |     2 |       ||     2
  Use: Scroll            |     7 |     2 |     4 ||    13
       Potion            |       |     6 |     3 ||     9
 Stab: Fleeing           |       |     1 |       ||     1
Armor: Scale mail        |    10 |       |       ||    10
       Chain mail        |    60 |    84 |   142 ||   286
       Skin              |       |     1 |       ||     1
Dodge: Dodged            |    27 |    37 |    66 ||   130
Block: Kite shield       |    77 |   107 |   180 ||   364

Levels and vault maps discovered:
D:1:      ncdulo_watergridlock, layout_basic, roderic_lattice_a,
          minmay_hexomino_r4
D:2:      layout_rooms, ebering_ecumenical_altar_hall
D:3:      layout_loops_corners, overflow_temple_1_default, serial_shops,
          nicolae_shop_statue_plus, serial_co_window_serial, co_window_paths_a,
          co_window_corner_a, co_window_paths_a, co_window_paths_b,
          co_window_paths_a, co_window_corner_a, co_window_corner_a,
          co_window_paths_b, co_window_paths_a, co_window_corner_b,
          co_window_broadway_a, co_window_broadway_c, co_window_2corner,
          co_window_of_opportunity_c, co_window_cross_2, glass_columns_c,
          minmay_misc_feat_columns
D:4:      layout_cave_pools, pdpol_temple_overflow_zin_treasury_gozag_greed,
          grunt_temple_overflow_open
D:5:      layout_loops_cross, tso_oasis_becter, fedhas_ov_isle_minmay,
          cheibrodos_sewer_entry_drain, grunt_decor_mini_mirrors,
          lexackson_kobold_supper
D:6:      layout_basic, minmay_temple_entry_ruins, minivault_26
Temple:   jpeg_temple_alley_garden

Notes
Turn   | Place    | Note
-------+----------+-------------------------------------------
     0 | D:1      | spiderkeys the Gnoll Fighter began the quest for the Orb.
     0 | D:1      | Reached XP level 1. HP: 23/23 MP: 1/1
     0 | D:1      | magus.rc [v1.9.10]
   234 | D:1      | Reached XP level 2. HP: 29/29 MP: 2/2
   457 | D:1      | Found a glowing silver altar of Zin.
   474 | D:1      | HP: 7/29 [poisoned by a kobold]
  1178 | D:1      | Reached XP level 3. HP: 35/35 MP: 3/3
  1525 | D:2      | Found a faded altar of an unknown god.
  1569 | D:2      | Reached skill level 1 in Invocations
  1834 | D:2      | Reached skill level 1 in Long Blades
  1834 | D:2      | Reached skill level 1 in Axes
  1834 | D:2      | Reached skill level 1 in Maces & Flails
  1834 | D:2      | Reached skill level 1 in Polearms
  1834 | D:2      | Reached skill level 1 in Staves
  1834 | D:2      | Reached skill level 1 in Slings
  1834 | D:2      | Reached skill level 1 in Bows
  1834 | D:2      | Reached skill level 1 in Crossbows
  1834 | D:2      | Reached skill level 1 in Throwing
  1834 | D:2      | Reached skill level 1 in Dodging
  1834 | D:2      | Reached skill level 1 in Stealth
  1834 | D:2      | Reached skill level 1 in Unarmed Combat
  1834 | D:2      | Reached skill level 1 in Spellcasting
  1834 | D:2      | Reached skill level 1 in Evocations
  2094 | D:3      | You pick up a book of Conjurations and begin reading...
  2094 | D:3      | You add the spells Magic Dart, Searing Ray, Dazzling Flash,
                  | Fulminant Prism and Iskenderun's Mystic Blast to your
                  | library.
  2114 | D:3      | Found Ziskaco's Armour Shop.
  2129 | D:3      | Reached XP level 4. HP: 41/41 MP: 5/5
  2474 | D:3      | Found an ornate altar of the Wu Jian Council.
  2866 | D:3      | Reached skill level 1 in Conjurations
  2866 | D:3      | Reached skill level 1 in Hexes
  2866 | D:3      | Reached skill level 1 in Summonings
  2866 | D:3      | Reached skill level 1 in Necromancy
  2866 | D:3      | Reached skill level 1 in Translocations
  2866 | D:3      | Reached skill level 1 in Transmutations
  2866 | D:3      | Reached skill level 1 in Fire Magic
  2866 | D:3      | Reached skill level 1 in Ice Magic
  2866 | D:3      | Reached skill level 1 in Air Magic
  2866 | D:3      | Reached skill level 1 in Earth Magic
  2866 | D:3      | Reached skill level 1 in Poison Magic
  2897 | D:3      | Reached XP level 5. HP: 22/47 MP: 6/6
  3669 | D:4      | HP: 7/45 [wight/+0 scimitar (9)]
  4109 | D:4      | Found a hazy altar of Hepliaklqana.
  4112 | D:4      | Found a shimmering blue altar of Sif Muna.
  4114 | D:4      | Found a snail-covered altar of Cheibriados.
  4114 | D:4      | Found a sacrificial altar of Ru.
  4168 | D:3      | HP: 9/41 [wight/+0 scimitar (2)]
  4435 | D:4      | HP: 10/43 [wight/+3 halberd (12)]
  4680 | D:4      | Reached skill level 2 in Invocations
  4680 | D:4      | Reached XP level 6. HP: 49/51 MP: 8/8
  4688 | D:4      | HP: 11/49 [wight/+3 halberd (12)]
  5197 | D:4      | Reached skill level 5 in Short Blades
  5505 | D:4      | Found an opulent altar of Gozag.
  5553 | D:4      | Found a glowing silver altar of Zin.
  5743 | D:5      | Entered Level 5 of the Dungeon
  5782 | D:5      | Noticed a sky beast
  5783 | D:5      | Reached skill level 2 in Long Blades
  5783 | D:5      | Reached skill level 2 in Axes
  5783 | D:5      | Reached skill level 2 in Maces & Flails
  5783 | D:5      | Reached skill level 2 in Polearms
  5783 | D:5      | Reached skill level 2 in Staves
  5783 | D:5      | Reached skill level 2 in Slings
  5783 | D:5      | Reached skill level 2 in Bows
  5783 | D:5      | Reached skill level 2 in Crossbows
  5783 | D:5      | Reached skill level 2 in Throwing
  5783 | D:5      | Reached skill level 2 in Dodging
  5783 | D:5      | Reached skill level 2 in Stealth
  5783 | D:5      | Reached skill level 2 in Unarmed Combat
  5783 | D:5      | Reached skill level 2 in Spellcasting
  5783 | D:5      | Reached skill level 2 in Evocations
  5965 | D:5      | HP: 12/49 [something (6)]
  5968 | D:5      | Gained mutation: Your magical capacity is low. (-10% MP)
                  | [potion of mutation]
  5968 | D:5      | Gained mutation: You passively map a small area around you.
                  | [potion of mutation]
  5973 | D:5      | HP: 12/49 [something (2)]
  5982 | D:4      | Killed a sky beast
  5983 | D:4      | Reached XP level 7. HP: 13/59 MP: 9/9
  6377 | D:5      | Reached skill level 7 in Fighting
  6377 | D:5      | Reached skill level 7 in Armour
  6377 | D:5      | Reached skill level 7 in Shields
  6514 | D:5      | Found a blossoming altar of Fedhas.
  6542 | D:5      | Reached skill level 2 in Conjurations
  6542 | D:5      | Reached skill level 2 in Hexes
  6542 | D:5      | Reached skill level 2 in Summonings
  6542 | D:5      | Reached skill level 2 in Necromancy
  6542 | D:5      | Reached skill level 2 in Translocations
  6542 | D:5      | Reached skill level 2 in Transmutations
  6542 | D:5      | Reached skill level 2 in Fire Magic
  6542 | D:5      | Reached skill level 2 in Ice Magic
  6542 | D:5      | Reached skill level 2 in Air Magic
  6542 | D:5      | Reached skill level 2 in Earth Magic
  6542 | D:5      | Reached skill level 2 in Poison Magic
  6770 | D:5      | HP: 11/60 [asphyx]
  7318 | D:5      | Found a glowing golden altar of the Shining One.
  7358 | D:5      | Reached skill level 3 in Invocations
  7734 | D:5      | Reached skill level 3 in Long Blades
  7734 | D:5      | Reached skill level 3 in Axes
  7734 | D:5      | Reached skill level 3 in Maces & Flails
  7734 | D:5      | Reached skill level 3 in Polearms
  7734 | D:5      | Reached skill level 3 in Staves
  7734 | D:5      | Reached skill level 3 in Slings
  7734 | D:5      | Reached skill level 3 in Bows
  7734 | D:5      | Reached skill level 3 in Crossbows
  7734 | D:5      | Reached skill level 3 in Throwing
  7734 | D:5      | Reached skill level 3 in Dodging
  7734 | D:5      | Reached skill level 3 in Stealth
  7734 | D:5      | Reached skill level 3 in Unarmed Combat
  7734 | D:5      | Reached skill level 3 in Spellcasting
  7734 | D:5      | Reached skill level 3 in Evocations
  7734 | D:5      | Reached XP level 8. HP: 38/67 MP: 11/11
  7949 | D:6      | Found a staircase to the Ecumenical Temple.
  7955 | Temple   | Entered the Ecumenical Temple
  8026 | Temple   | Became a worshipper of Warmaster Okawaru
  8654 | D:6      | HP: 12/67 [orc priest/divine providence (14)]
  8657 | D:6      | HP: 3/67 [orc priest/divine providence (9)]
  8673 | D:6      | HP: 12/67 [orc priest/+0 club (1)]
  8683 | D:6      | HP: 1/67 [orc priest/divine providence (13)]
  8683 | D:6      | Killed from afar by an orc priest

Vanquished Creatures
  A water moccasin (D:5)
  An orc warrior (D:6)
  An ice beast (D:6)
  A sky beast (D:4)
  2 kobold brigands (D:5)
  3 scorpions (D:5)
  2 wights
  A hound (D:5)
  2 jellies
  An orc priest (D:3)
  A centaur skeleton (D:6)
  2 orc wizards
  4 adders
  A shadow imp (D:5)
  2 worms
  2 dart slugs (D:1)
  25 orcs
  7 endoplasms
  3 giant cockroaches
  4 goblins
  7 hobgoblins
  8 jackals
  A quokka (D:1)
  10 ball pythons
  6 bats
  3 frilled lizards
  17 kobolds
  10 rats
128 creatures vanquished.

Vanquished Creatures (others)
  11 plants (D:5)
11 creatures vanquished.

Grand Total: 139 creatures vanquished

Table legend:
 A = Non-vault XP
 B = Vault XP
 C = Vault XP percentage of total XP
 D = Non-vault monster count
 E = Vault monster count
 F = Vault count percentage of total count
                 A         B        C        D         E       F
            +---------+---------+-------+---------+---------+-------
      Total |    1546 |     120 |   7.2 |     114 |      14 |  10.9
            +---------+---------+-------+---------+---------+-------
        D:1 |      36 |       4 |  10.0 |      19 |       3 |  13.6
        D:2 |      36 |       0 |   0.0 |      20 |       0 |   0.0
        D:3 |     207 |       0 |   0.0 |      33 |       0 |   0.0
        D:4 |     267 |       0 |   0.0 |      15 |       0 |   0.0
        D:5 |     630 |     116 |  15.5 |      17 |      11 |  39.3
        D:6 |     370 |       0 |   0.0 |      10 |       0 |   0.0
            +---------+---------+-------+---------+---------+-------

Illustrated notes

Table legend:
 A = Kills in this place as a percentage of kills in entire the game.
 B = Kills by you in this place as a percentage of kills by you in the entire game.
 C = Kills by friends in this place as a percentage of kills by friends in the entire game.
 D = Other kills in this place as a percentage of other kills in the entire game.
 E = Experience gained in this place as a percentage of experience gained in the entire game.
 F = Experience gained in this place divided by the number of levels of this place that you have seen.
                   A       B       C       D       E      F
               +-------+-------+-------+-------+-------+----------------------
         Total | 100.0 | 100.0 |   N/A |   N/A | 100.0 | 238.0
       Dungeon | 100.0 | 100.0 |   N/A |   N/A | 100.0 | 277.7
               +-------+-------+-------+-------+-------+----------------------

Table legend: (Time is in decaauts)
 A = Elapsed time spent in this place.
 B = Non-inter-level travel time spent in this place.
 C = Inter-level travel time spent in this place.
 D = Time resting spent in this place.
 E = Time spent auto-exploring this place.
 F = Levels seen in this place.
 G = Mean time per level.
                   A        B        C        D        E       F      G
               +--------+--------+--------+--------+--------+-----+--------+
         Total |   8769 |   8434 |    335 |   2188 |   4908 |   7 | 1252.7 |
       Dungeon |   8550 |   8224 |    326 |   2188 |   4735 |   6 | 1425.0 |
        Temple |    218 |    209 |      9 |      0 |    173 |   1 |  218.0 |
               +--------+--------+--------+--------+--------+-----+--------+

Top non-repeatable levels by time:
     D:3: 2768 daAuts
     D:5: 1651 daAuts
     D:1: 1451 daAuts
     D:4: 1331 daAuts
     D:2: 752 daAuts
     D:6: 596 daAuts
  Temple: 218 daAuts
